Map: Invader LE

Players

nathannguyen - Winner!

  • Race: Terran Terran

blackxored

  • Race: Zerg Zerg
  • League: Platinum

VOD

Have the link to the VOD?

Description

Time

  • Played on: June 26, 2016, 3:18 p.m.
  • Length: 15:27
Show
View Real Time Build Order
Export as new Build Order

nathannguyen Terran - Winner!

Build Orders: Reaper Expand, Bio Tank 

Get SALT Encoding   

  12  0:01  SCV  
  13  0:13  SCV  
  14  0:18  Supply Depot  
  14  0:25  SCV  
  15  0:39  SCV  
  15  0:40  Barracks  
  16  0:47  Refinery  
  16  0:52  SCV  
  17  1:04  SCV  
  18  1:16  SCV  
  19  1:29  Orbital Command  
  19  1:31  Reaper  
  20  1:41  Command Center  
  20  1:50  Supply Depot  
  20  1:55  SCV  
  21  2:04  Barracks Reactor  
  21  2:07  SCV  
  22  2:13  Barracks  
  22  2:16  Refinery  
  22  2:20  SCV  
  23  2:29  Factory  
  23  2:32  SCV  
  24  2:43  Marine x2  
  26  2:44  SCV  
  27  2:55  Orbital Command  
  27  3:00  SCV  
  27  3:05  Marine x2, Barracks Tech Lab  
  28  3:12  SCV  
  31  3:22  SCV  
  31  3:24  Factory Tech Lab, SCV  
  32  3:27  Starport, Marine x2  
  32  3:33  Stimpack  
  34  3:34  Marine  
  34  3:40  SCV x2  
  37  3:45  Marine x2  
  39  3:52  SCV x2  
  39  3:53  Widow Mine  
  43  3:57  Supply Depot  
  43  4:03  Marine x2  
  43  4:04  SCV  
  43  4:06  Starport Reactor  
  46  4:18  Marine, SCV x2  
  46  4:20  Supply Depot, Marine x2  
  46  4:23  Siege Tank  
  54  4:34  Supply Depot  
  54  4:37  Supply Depot  
  54  4:42  Marine, SCV x2  
  54  4:44  Marine x2  
  59  4:46  Medivac  
  61  4:55  Refinery, Medivac  
  61  4:57  Refinery  
  61  4:59  Marine  
  63  5:02  Supply Depot, Marine  
  63  5:03  Supply Depot  
  63  5:06  Engineering Bay  
  65  5:08  Siege Tank  
  65  5:10  SCV x2  
  65  5:12  Marine  
  71  5:18  Marauder  
  71  5:20  Marine  
  74  5:22  Viking, SCV x2  
  78  5:34  SCV x2  
  80  5:41  Marine x2  
  80  5:42  Marauder  
  84  5:46  SCV  
  84  5:47  SCV  
  84  5:49  Siege Tank  
  89  5:54  Supply Depot  
  89  5:56  Supply Depot, Medivac  
  91  5:58  Marine  
  91  5:59  Marine  
  91  6:02  Marine  
  94  6:16  Marine x2  
  95  6:26  Marine  
  95  6:27  Siege Tank  
  99  6:34  Marine x2  
  98  6:44  Marauder  
  100  6:52  Marine x2  
  102  6:57  Barracks  
  102  6:58  Barracks  
  102  6:59  Siege Tank, Barracks  
  105  7:03  Command Center  
  105  7:05  Marine  
  98  7:10  Marine x2  
  99  7:23  Marine  
  99  7:27  Marine  
  99  7:28  Marine  
  98  7:41  Marauder  
  100  7:45  Marine x2  
  100  7:49  Terran Infantry Weapons Level 1, Medivac  
  103  7:53  Supply Depot, Siege Tank  
  103  7:54  Supply Depot  
  106  8:03  Marine x2, Marauder  
  108  8:09  Barracks Reactor, Barracks Tech Lab  
  108  8:10  Barracks Reactor  
  108  8:15  Combat Shields  
  108  8:20  Engineering Bay  
  108  8:21  Marine x2, SCV x2, Armory  
  108  8:24  Marauder  
  108  8:25  Siege Tank  
  108  8:26  Orbital Command  
  117  8:33  SCV x2  
  119  8:37  Marine  
  119  8:39  Marine x2  
  119  8:41  Medivac x2  
  124  8:45  Marine  
  127  8:55  Marine x5  
  130  8:57  Marine x2  
  130  9:00  Supply Depot  
  134  9:02  Supply Depot  
  134  9:03  Marauder, SCV x3  
  139  9:12  Marine  
  139  9:13  Marine x4  
  139  9:14  Marine  
  139  9:15  SCV  
  110  9:19  Liberator x2  
  110  9:23  Marine  
  102  9:24  Marine  
  102  9:30  Marine  
  102  9:31  Marine x3, Marauder  
  107  9:32  Marine  
  107  9:37  Terran Infantry Armor Level 1  
  116  9:41  Marine  
  116  9:42  Terran Vehicle Weapons Level 1  
  116  9:43  Marauder, Terran Infantry Weapons Level 2  
  116  9:44  SCV  
  116  9:45  SCV x2  
  122  9:48  Marine x2  
  122  9:49  Marine x2  
  122  9:52  Marauder  
  128  9:56  SCV  
  128  9:57  Marine, SCV x2  
  128  9:58  Concussive Shells  
  128  9:59  Marine  
  133  10:03  Marine  
  133  10:06  Marine x2  
  101  10:21  Liberator  
  101  10:22  Missile Turret  
  101  10:23  Refinery, Marine x3  
  101  10:24  Marine x4  
  101  10:26  Refinery  
  101  10:27  Marine  
  108  10:38  Siege Tank  
  108  10:41  Marine x4  
  108  10:42  Marine x2, Marauder  
  122  10:45  Marine  
  109  10:59  Marine x4  
  109  11:00  Marine, Marauder  
  109  11:03  Marine  
  107  11:06  Marine  
  107  11:10  Siege Tank  
  102  11:12  Command Center  
  102  11:15  Command Center  
  102  11:17  Marine x5  
  107  11:21  Marine  
  107  11:27  Marine x2  
  107  11:31  Medivac x2  
  112  11:34  Marine  
  112  11:35  Marine  
  112  11:36  Marine x3  
  112  11:39  Marauder  
  119  11:45  Marine, Marauder  
  122  11:52  Marine x2  
  124  11:54  Marine x2  
  126  12:05  Marine x2  
  126  12:06  Marine x2  
  114  12:10  Marine x2  
  114  12:14  Marine  
  114  12:15  Marine  
  103  12:19  SCV  
  103  12:20  SCV x2  
  93  12:23  Marine x2  
  93  12:24  Marine  
  93  12:28  Marine  
  93  12:29  Marine x2  
  93  12:31  SCV  
  93  12:32  Marine x2, SCV  
  93  12:34  Orbital Command  
  97  12:41  Marine x2  
  96  12:58  Marine x2  
  96  12:59  Marine x4  
  97  13:08  Marine  
  97  13:09  Marine  
  89  13:14  SCV  
  89  13:16  Marine x3  
  93  13:22  Marine x3  
  88  13:27  Marine x2  
  89  13:34  Marine x2  
  89  13:40  Marine x4  
  95  13:48  Marine x2  
  95  13:52  Marine x2  
  97  13:57  Marine  
  97  13:58  Marine x3  
  101  14:03  SCV x2  
  101  14:06  Marine x2  
  105  14:10  Marine x2  
  105  14:15  Marine x2  
  105  14:16  Marine x2  
  111  14:22  Liberator  
  111  14:24  Marine, Marauder  
  114  14:37  Marine x5  
  114  14:38  Marine  
  119  14:39  Siege Tank  
  119  14:40  SCV  
  119  14:42  Marine, SCV  
  125  15:00  Marine x4  
  125  15:05  Marine x4  
Show
View Real Time Build Order
Export as new Build Order

blackxored Zerg 

Build Orders: Hatch First 

Get SALT Encoding   

  12  0:01  Drone  
  13  0:08  Drone  
  14  0:20  Overlord  
  14  0:24  Extractor, Drone  
  15  0:39  Drone x2  
  17  0:54  Hatchery  
  16  0:59  Drone  
  16  1:00  Drone  
  18  1:14  Extractor  
  18  1:15  Spawning Pool  
  16  1:19  Drone  
  16  1:22  Drone  
  18  1:29  Drone  
  19  1:39  Overlord  
  19  1:52  Drone  
  20  2:02  Zergling x2  
  20  2:06  Queen  
  20  2:07  Zergling x2  
  24  2:12  Zergling x2  
  25  2:16  Metabolic Boost, Queen  
  27  2:28  Drone x2  
  29  2:40  Hatchery  
  27  2:51  Queen  
  27  2:53  Pneumatized Carapace  
  27  2:57  Overlord  
  29  3:06  Drone x3  
  32  3:24  Drone x6  
  38  3:28  Overlord  
  38  3:42  Drone x5  
  43  3:49  Queen  
  43  3:52  Queen  
  47  4:19  Drone  
  47  4:20  Baneling Nest  
  47  4:21  Queen  
  47  4:22  Zergling x2  
  47  4:23  Zergling x14  
  57  5:02  Overlord  
  57  5:04  Baneling x5  
  57  5:05  Baneling x2  
  57  5:08  Overlord x4  
  57  5:14  Overlord x4  
  57  5:20  Queen  
  59  5:31  Zergling x2  
  59  5:32  Zergling x20  
  59  5:33  Queen  
  72  5:46  Drone x4  
  76  5:51  Baneling x2  
  76  5:52  Baneling x4  
  76  6:02  Lair  
  76  6:04  Drone x5  
  76  6:05  Drone x2  
  71  6:32  Drone x11  
  82  6:36  Extractor  
  82  6:37  Extractor  
  82  6:39  Hatchery  
  77  6:45  Drone x3  
  77  6:46  Extractor  
  79  6:47  Drone  
  79  6:52  Drone x3  
  83  6:56  Zergling x2  
  79  7:09  Zergling x2  
  79  7:10  Zergling x12  
  85  7:17  Zergling x4  
  85  7:18  Zergling x2  
  84  7:22  Hatchery  
  74  7:33  Drone x8  
  79  7:42  Zergling x4  
  81  7:45  Overseer  
  81  7:51  Drone x3  
  79  7:53  Drone  
  80  8:00  Baneling x5  
  80  8:01  Baneling x2  
  79  8:06  Zergling x2  
  79  8:07  Zergling x10  
  79  8:08  Queen  
  87  8:14  Evolution Chamber  
  86  8:23  Zergling x8  
  86  8:25  Baneling x11  
  86  8:26  Baneling  
  90  8:31  Zergling x8  
  90  8:32  Zergling x6  
  97  8:38  Evolution Chamber  
  97  8:40  Centrifical Hooks  
  96  8:42  Overseer  
  96  8:45  Drone x2  
  96  8:46  Drone x2  
  96  8:47  Drone  
  101  8:53  Zergling x10  
  106  9:05  Zergling x10  
  93  9:17  Zergling x2  
  93  9:18  Zergling x12  
  93  9:23  Baneling x17  
  93  9:24  Zergling x6  
  98  9:31  Extractor, Drone x2  
  102  9:33  Extractor, Drone x7  
  102  9:37  Zergling x2  
  108  9:45  Drone x5  
  112  9:48  Extractor  
  112  9:49  Extractor  
  112  9:51  Zergling x6  
  112  9:52  Zergling x2  
  115  9:53  Baneling x9  
  115  9:54  Baneling x4  
  115  10:00  Hatchery  
  115  10:04  Zergling x26  
  127  10:09  Zerg Melee Weapons Level 1  
  115  10:18  Zergling x12  
  108  10:24  Drone x3  
  108  10:25  Drone x2  
  114  10:28  Drone  
  114  10:30  Zergling x16  
  114  10:35  Baneling x9  
  122  10:36  Zergling x2, Baneling x8  
  122  10:37  Zergling x6  
  108  11:05  Zergling x2  
  108  11:06  Zergling x26  
  121  11:21  Spire  
  120  11:33  Zergling x30  
  120  11:37  Overseer  
  135  11:47  Drone x5  
  139  12:06  Overlord x3, Zerg Melee Weapons Level 2  
  139  12:07  Zerg Ground Armor Level 1  
  131  12:14  Spine Crawler  
  120  12:16  Spine Crawler  
  120  12:18  Zergling x2, Spore Crawler  
  120  12:19  Zergling x2  
  111  12:27  Zergling x8  
  111  12:28  Zergling x34  
  109  12:35  Zergling x6  
  109  12:41  Baneling  
  109  12:42  Baneling  
  109  12:45  Zergling x12  
  109  12:47  Baneling x12  
  113  12:57  Zergling x2  
  113  12:58  Zergling x14  
  108  13:05  Zergling x2  
  108  13:06  Zergling x28  
  115  13:13  Queen  
  115  13:14  Zergling x2  
  115  13:15  Zergling x10  
  101  13:23  Zergling x8  
  90  13:27  Zergling x2  
  90  13:28  Zergling x6  
  73  13:36  Zergling x12  
  73  13:42  Queen x3  
  80  13:49  Queen  
  80  13:52  Zergling x12  
  80  13:53  Zergling x4  
  61  14:05  Zergling x14  
  61  14:08  Zergling x4  
  61  14:09  Zergling x4  
  67  14:15  Baneling x9  
  67  14:16  Baneling  
  63  14:17  Zergling x8  
  63  14:18  Zergling x2, Queen  
  63  14:19  Baneling  
  67  14:24  Zergling x4  
  67  14:30  Zergling x4  
  67  14:33  Baneling  
  67  14:34  Baneling x2  
  67  14:35  Baneling  
  67  14:38  Zergling x2  
  67  14:45  Zergling x4  
  67  14:46  Zergling x2  
  67  14:50  Baneling  
  67  14:52  Baneling x3  
  69  14:53  Zergling x2  
Tags
 
Add a new tag
Caveats
  • Supply blocks, unpowered buildings, or Contaminate may cause inaccurate times.
  • Supply counts are checked every 10 seconds.